[Event "Titled Tuesday Blitz January 11 2022"]
[White "Lenderman, Aleksandr"]
[Black "Gaehwiler, Gabriel"]
[WhiteFideId "2021285"]
[BlackFideId "1314530"]
[WhiteElo "2651"]
[BlackElo "2383"]
[Result "0-1"]
[Round "04"]
[TimeControl "180+1"]
[Date "2022.01.11"]
[WhiteClock "0:00:01"]
[BlackClock "0:00:10"]

1. Nf3 Nf6 2. c4 g6 3. Nc3 Bg7 4. e4 d6 5. d4 O-O 6. Be2 Bg4 7. Be3 e5 8. d5 a5 9. Ng5 Bd7 10. c5 h6 11. Nf3 Ng4 12. Bd2 dxc5 13. h3 Nf6 14. Nxe5 Re8 15. f4 c6 16. O-O cxd5 17. exd5 Na6 18. Bc4 Nc7 19. a4 Rf8 20. Be3 b6 21. d6 Ne6 22. f5 gxf5 23. Rxf5 Nd4 24. Rf1 Qe8 25. Bxd4 cxd4 26. Qxd4 Ng4 27. hxg4 Qxe5 28. Qxe5 Bxe5 29. Nd5 Kg7 30. Kh1 Rab8 31. Bb5 Be6 32. Ne3 Bxd6 33. Nf5+ Bxf5 34. Rxf5 f6 35. Rd1 Be5 36. Bc4 Rbd8 37. Rdf1 Rd4 38. b3 Rxg4 39. Rh5 Rg5 40. Rh3 Rd8 41. Re1 Rd2 42. Rg1 Bd4 43. Re1 Be5 44. Rg1 h5 45. Rf3 h4 46. Rh3 Bg3 47. Rf1 Re5 48. Rg1 Re3 49. Rf1 Kg6 50. Rg1 f5 51. Rf1 Kg5 52. Bb5 f4 53. Bc4 Re4 54. Rg1 Red4 55. Rf1 Rd1 56. Kg1 Rxf1+ 57. Kxf1 Re4 58. Be2 Re3 0-1


[Site "https://www.chess.com"]

[Event "Titled Tuesday Blitz January 11 2022"]
[White "Maghsoodloo, Parham"]
[Black "Gurevich, Dmitry"]
[WhiteFideId "12539929"]
[BlackFideId "2000407"]
[WhiteElo "2630"]
[BlackElo "2506"]
[Result "1-0"]
[Round "04"]
[TimeControl "180+1"]
[Date "2022.01.11"]
[WhiteClock "0:00:31"]
[BlackClock "0:00:04"]

1. e4 c5 2. Nf3 d6 3. d4 cxd4 4. Nxd4 Nf6 5. Nc3 Nc6 6. Bg5 g6 7. Bxf6 exf6 8. Qd2 Bg7 9. O-O-O Nxd4 10. Qxd4 O-O 11. Qxd6 Qxd6 12. Rxd6 f5 13. Bd3 Be5 14. Rd5 Bxc3 15. bxc3 Be6 16. Rb5 fxe4 17. Bxe4 Rac8 18. Bxb7 Rxc3 19. Kb2 Rc7 20. Be4 Rc4 21. Bd3 Rc7 22. Re1 Rfc8 23. Re2 Kg7 24. a3 h5 25. h4 Bc4 26. Bxc4 Rxc4 27. Rb4 R4c5 28. g3 a5 29. Rb3 R8c6 30. Rd3 Rb6+ 31. Ka2 Rcb5 32. c4 Rc5 33. Rc2 Rbc6 34. Kb3 Rf5 35. Rd5 Rf3+ 36. Kb2 Rcf6 37. c5 Rxf2 38. Rxf2 Rxf2+ 39. Kc3 Rf1 40. Kc4 Rc1+ 41. Kb5 Kf6 42. c6 Ke7 43. Kb6 Rb1+ 44. Rb5 Rxb5+ 45. Kxb5 Kd8 46. Kxa5 f6 47. Kb5 g5 48. Kc5 Kc7 49. Kd5 gxh4 50. gxh4 f5 51. Ke5 Kxc6 52. Kxf5 1-0


[Site "https://www.chess.com"]

[Event "Titled Tuesday Blitz January 11 2022"]
[White "Makhnev, Denis"]
[Black "Zakhartsov, Vladimir"]
[WhiteFideId "13707647"]
[BlackFideId "4145097"]
[WhiteElo "2491"]
[BlackElo "2432"]
[Result "1-0"]
[Round "04"]
[TimeControl "180+1"]
[Date "2022.01.11"]
[WhiteClock "0:00:55"]
[BlackClock "0:00:13"]

1. Nf3 c5 2. g3 g6 3. Bg2 Bg7 4. O-O Nc6 5. c4 e6 6. Nc3 Nge7 7. e3 O-O 8. d4 d6 9. b3 a6 10. Bb2 Rb8 11. dxc5 dxc5 12. Qe2 b5 13. Rfd1 Qa5 14. Ne4 bxc4 15. Bxg7 Kxg7 16. Qxc4 Rb4 17. Qc3+ f6 18. Nxc5 Rb5 19. Ne4 Qxc3 20. Nxc3 Rb8 21. Nd4 Nxd4 22. Rxd4 Rb6 23. Na4 Rb5 24. Rc1 Kf7 25. Rc7 Re8 26. Bc6 e5 27. Bxe8+ Kxe8 28. Rd6 Bh3 29. f3 a5 30. Rc5 Rb8 31. Rxa5 Nf5 32. Rxf6 Rd8 33. Rxe5+ Ne7 34. g4 Rd2 35. Rfe6 Rg2+ 36. Kf1 Rxg4+ 37. Ke1 Rg1+ 38. Kd2 Rg2+ 39. Kc3 Bxe6 40. Rxe6 Rxa2 41. h4 Kf7 42. Re4 Nd5+ 43. Kc4 Nf6 44. Rf4 Ke6 45. Nc5+ Ke7 46. Ne4 Nd7 47. Ng5 h6 48. Nf7 Re2 49. e4 Rg2 50. Nxh6 Rc2+ 51. Kd3 Rb2 52. Kc3 Rf2 53. Ng4 Ke6 54. Nxf2 1-0


[Site "https://www.chess.com"]

[Event "Titled Tuesday Blitz January 11 2022"]
[White "Matinian, Nikita"]
[Black "Jobava, Baadur"]
[WhiteFideId "24129100"]
[BlackFideId "13601520"]
[WhiteElo "2422"]
[BlackElo "2617"]
[Result "0-1"]
[Round "04"]
[TimeControl "180+1"]
[Date "2022.01.11"]
[WhiteClock "0:01:47"]
[BlackClock "0:02:09"]

1. e4 e6 2. d4 d5 3. Nc3 dxe4 4. Nxe4 Bd7 5. Nf3 Bc6 6. Bd3 Nd7 7. O-O Ngf6 8. Ng3 g6 9. Bg5 h6 10. Bd2 Bg7 11. Bb4 a5 12. Ba3 Bf8 13. Bxf8 Kxf8 14. Ne5 Nxe5 15. dxe5 Qd5 16. f3 Qxe5 17. Qd2 Qxb2 18. Qf4 Nd5 19. Qh4 Qf6 20. Qc4 Kg7 21. Rae1 Nb6 22. Qb3 Qd4+ 23. Kh1 Qb4 24. h4 Rhd8 0-1


[Site "https://www.chess.com"]

[Event "Titled Tuesday Blitz January 11 2022"]
[White "Muradli, Mahammad"]
[Black "Seul, Georg"]
[WhiteFideId "13409301"]
[BlackFideId "4601653"]
[WhiteElo "2645"]
[BlackElo "2271"]
[Result "1-0"]
[Round "04"]
[TimeControl "180+1"]
[Date "2022.01.11"]
[WhiteClock "0:00:04"]
[BlackClock "0:00:01"]

1. c4 e5 2. d3 f5 3. Nc3 Nf6 4. g3 Bb4 5. Bd2 O-O 6. Bg2 d6 7. a3 Bxc3 8. Bxc3 c5 9. e3 f4 10. Nf3 fxe3 11. fxe3 Nc6 12. O-O Bg4 13. Qc2 Qe7 14. Nd2 Be6 15. Rae1 h5 16. Ne4 h4 17. gxh4 Nxe4 18. Bxe4 Qxh4 19. Rxf8+ Rxf8 20. Qg2 Bh3 21. Qg3 Qh5 22. Kh1 Rf1+ 23. Rxf1 Bxf1 24. Kg1 Bh3 25. Kf2 Bf5 26. Bf3 Qf7 27. Ke2 Kf8 28. Qh4 Bxd3+ 29. Kxd3 Qxf3 30. Qh8+ Kf7 31. Qc8 Ne7 32. Qd7 Qf5+ 33. Qxf5+ Nxf5 34. Ke4 Ke6 35. Be1 Ne7 36. Bh4 d5+ 37. Kd3 Nc6 38. cxd5+ Kxd5 39. e4+ Ke6 40. Kc4 Kd6 41. Bf2 Nd4 42. Bg3 b5+ 43. Kc3 a5 44. Bh4 c4 45. Bd8 Nc6 46. Bb6 g6 47. h3 Ke6 48. a4 bxa4 49. Kxc4 Kd6 50. Kb5 Nd4+ 51. Kxa4 Nf3 52. Be3 g5 53. Kxa5 Kc6 54. b4 Nd4 55. Ka4 Nc2 56. Bxg5 Ne1 57. h4 1-0


[Site "https://www.chess.com"]

[Event "Titled Tuesday Blitz January 11 2022"]
[White "Narayanan.S.L"]
[Black "Stoleriu, George"]
[WhiteFideId "5058422"]
[BlackFideId "1227505"]
[WhiteElo "2494"]
[BlackElo "2203"]
[Result "0-1"]
[Round "04"]
[TimeControl "180+1"]
[Date "2022.01.11"]
[WhiteClock "0:00:44"]
[BlackClock "0:00:20"]

1. c4 e5 2. Nc3 Nc6 3. Nf3 f5 4. g3 Nf6 5. d4 e4 6. Nh4 d6 7. Bg5 Be7 8. e3 O-O 9. Be2 Ne8 10. Bxe7 Nxe7 11. Ng2 Be6 12. h4 Nf6 13. Nf4 Bf7 14. Rc1 Ng6 15. h5 Nxf4 16. gxf4 h6 17. Qd2 a6 18. a4 Qe8 19. Qd1 Kh8 20. Kd2 c6 21. a5 Qd8 22. Qa4 Qe8 23. Qd1 Qd8 24. Ra1 b5 25. axb6 Qxb6 26. Qc2 Rfb8 27. Ra2 Qb4 28. Qa4 Qxa4 29. Nxa4 Rb4 30. Kc3 Rab8 31. Ra3 Ng4 32. b3 Nxf2 33. Rg1 Ng4 34. Bxg4 fxg4 35. Rxg4 Bxh5 36. Rh4 Bd1 37. f5 Rxb3+ 38. Rxb3 Rxb3+ 39. Kd2 Rd3+ 40. Ke1 Bxa4 41. Rxe4 Bb3 42. Re8+ Kh7 43. Re7 Kg8 44. c5 dxc5 45. dxc5 Kf8 46. Rb7 Rxe3+ 47. Kd2 Rh3 48. Rb6 Bd5 49. Rxa6 Ke7 0-1


[Site "https://www.chess.com"]

[Event "Titled Tuesday Blitz January 11 2022"]
[White "Papp, Levente"]
[Black "Ibrahimli, Murad"]
[WhiteFideId "751243"]
[BlackFideId "13410229"]
[WhiteElo "2308"]
[BlackElo "2109"]
[Result "1-0"]
[Round "04"]
[TimeControl "180+1"]
[Date "2022.01.11"]
[WhiteClock "0:00:09"]
[BlackClock "0:00:03"]

1. Nf3 Nf6 2. g3 d5 3. Bg2 c6 4. O-O Bg4 5. h3 Bxf3 6. Bxf3 Nbd7 7. c4 dxc4 8. a4 a5 9. Qc2 Ne5 10. Bg2 h5 11. Na3 h4 12. g4 Qd4 13. Kh1 e6 14. f4 Ng6 15. Qxc4 Qb6 16. Qc2 Bb4 17. Nc4 Qc7 18. d4 Rd8 19. f5 exf5 20. gxf5 Ne7 21. Bf4 Qc8 22. Be5 Qa8 23. Rad1 Nh5 24. Rd3 Qa6 25. f6 gxf6 26. Bxf6 Rg8 27. Bxh4 b5 28. Ne5 f6 29. Nxc6 Nd5 30. Bxd5 Rxd5 31. Re3+ Kd7 32. Nxb4 axb4 33. Rc1 Qb7 34. Qe4 Kd8 35. Kh2 Qd7 36. Rg1 Qd6+ 37. Kh1 Rxg1+ 38. Kxg1 Qd7 39. Bf2 Rf5 40. Qa8+ Qc8 41. Re8+ Kxe8 42. Qxc8+ 1-0


[Site "https://www.chess.com"]

[Event "Titled Tuesday Blitz January 11 2022"]
[White "Paravyan, David"]
[Black "Mitusov, Semen"]
[WhiteFideId "4194985"]
[BlackFideId "14151049"]
[WhiteElo "2569"]
[BlackElo "2246"]
[Result "1-0"]
[Round "04"]
[TimeControl "180+1"]
[Date "2022.01.11"]
[WhiteClock "0:01:55"]
[BlackClock "0:00:44"]

1. Nc3 e5 2. Nf3 Nc6 3. d4 exd4 4. Nxd4 Nf6 5. e4 Bb4 6. Nxc6 bxc6 7. Bd3 d5 8. exd5 cxd5 9. O-O O-O 10. Bg5 c6 11. Qf3 Bd6 12. Rae1 Rb8 13. Nd1 h6 14. Bxf6 Qxf6 15. Qxf6 gxf6 16. b3 Bd7 17. Ne3 Rfe8 18. Bf5 Be6 19. g4 Bf4 20. Kg2 Bxe3 21. Rxe3 Bxf5 22. gxf5 Re5 23. Rfe1 Rxf5 24. Re7 a5 25. Rc7 a4 26. Ree7 axb3 27. cxb3 Rg5+ 28. Kf1 Rg7 29. Rxc6 Ra8 30. a4 Rb8 31. Re3 Rg4 32. Rxf6 Kg7 33. Ref3 Rb7 34. a5 Rgb4 35. a6 Ra7 36. Rxf7+ Rxf7 37. Rxf7+ Kxf7 38. a7 1-0


[Site "https://www.chess.com"]

[Event "Titled Tuesday Blitz January 11 2022"]
[White "Pichot, Alan"]
[Black "Gubajdullin, Alexei"]
[WhiteFideId "110973"]
[BlackFideId "4141202"]
[WhiteElo "2543"]
[BlackElo "2268"]
[Result "1-0"]
[Round "04"]
[TimeControl "180+1"]
[Date "2022.01.11"]
[WhiteClock "0:00:05"]
[BlackClock "0:00:05"]

1. e4 c6 2. d4 d5 3. e5 Bf5 4. h4 h5 5. Bd3 Bxd3 6. Qxd3 e6 7. Bg5 Qb6 8. Nd2 Qa6 9. c4 Bb4 10. b3 Ne7 11. Nf3 Nf5 12. O-O Nd7 13. a3 Be7 14. Bxe7 Nxe7 15. b4 Nb6 16. Rfc1 Nxc4 17. Nxc4 dxc4 18. Rxc4 Rd8 19. a4 Nf5 20. Qc2 O-O 21. Rd1 Rd5 22. Rc5 Rfd8 23. Rxd5 Rxd5 24. g3 Qb6 25. Qc4 a5 26. bxa5 Qxa5 27. Rb1 Qa7 28. Rb4 g6 29. Kg2 Kg7 30. Qb3 Rd7 31. Qc4 Qa5 32. Qb3 Qc7 33. Qb2 c5 34. Rc4 b6 35. dxc5 bxc5 36. Qc3 Qb7 37. Rxc5 Nd4 38. Rc4 Nf5 39. Qb4 Qa8 40. Qb1 Nd4 41. Qd1 Nxf3 42. Qxf3 Qxf3+ 43. Kxf3 Rd3+ 44. Ke4 Ra3 45. Kd4 Ra2 46. f4 Ra3 47. Kc5 f6 48. Kb4 Rxg3 49. a5 fxe5 50. fxe5 g5 51. a6 Rg1 52. Kb5 Ra1 53. Ra4 Rb1+ 54. Kc6 Rc1+ 55. Kd6 Rc8 56. a7 Ra8 57. hxg5 Kg6 58. Kxe6 Kxg5 59. Kf7 h4 60. e6 h3 61. Ra5+ Kg4 62. Ra4+ Kg5 63. e7 h2 64. Ra1 Rxa7 65. Rh1 1-0


[Site "https://www.chess.com"]

[Event "Titled Tuesday Blitz January 11 2022"]
[White "Preotu, Razvan"]
[Black "Piorun, Kacper"]
[WhiteFideId "2613280"]
[BlackFideId "1130420"]
[WhiteElo "2407"]
[BlackElo "2571"]
[Result "0-1"]
[Round "04"]
[TimeControl "180+1"]
[Date "2022.01.11"]
[WhiteClock "0:00:01"]
[BlackClock "0:00:54"]

1. e4 e6 2. d4 d5 3. Nc3 Bb4 4. e5 Qd7 5. a3 Bxc3+ 6. bxc3 b6 7. h4 Ba6 8. Bxa6 Nxa6 9. a4 Ne7 10. h5 h6 11. Qg4 Rg8 12. Rh3 O-O-O 13. Qe2 Kb7 14. a5 Ra8 15. Nf3 Nc6 16. axb6 axb6 17. Rb1 Na5 18. Nd2 Nb8 19. Nb3 Nxb3 20. cxb3 Nc6 21. Rf3 f6 22. exf6 gxf6 23. Kf1 Qf7 24. Re3 e5 25. dxe5 fxe5 26. b4 Qf5 27. Qd3 e4 28. Qd1 Rad8 29. Ra1 Ne5 30. c4 Nxc4 31. Rc3 Qg4 32. Qxg4 Rxg4 33. Bxh6 Rh8 34. Be3 Rxh5 35. Ke2 Rxg2 36. Bd4 Nd6 37. Rca3 Nb5 0-1


[Site "https://www.chess.com"]

[Event "Titled Tuesday Blitz January 11 2022"]
[White "Real De Azua, Ernesto"]
[Black "Howell, David W L"]
[WhiteFideId "108154"]
[BlackFideId "410608"]
[WhiteElo "2476"]
[BlackElo "2559"]
[Result "1-0"]
[Round "04"]
[TimeControl "180+1"]
[Date "2022.01.11"]
[WhiteClock "0:01:50"]
[BlackClock "0:00:09"]

1. d4 c6 2. c4 d5 3. Nc3 a6 4. e4 dxe4 5. Nxe4 Nf6 6. Nc3 g6 7. Nf3 Bg7 8. Be2 O-O 9. O-O Bg4 10. h3 Bxf3 11. Bxf3 e6 12. Be3 Nbd7 13. Qb3 Qc7 14. Rad1 Rfd8 15. Rfe1 Rab8 16. d5 cxd5 17. cxd5 exd5 18. Nxd5 Nxd5 19. Bxd5 Nf6 20. Bb6 Nxd5 21. Bxc7 Nxc7 22. Rxd8+ Rxd8 23. Qxb7 Ne6 24. Qxa6 Bxb2 25. Rxe6 fxe6 26. Qxe6+ Kh8 27. g3 Bd4 28. Kg2 Rf8 29. f4 Kg7 30. a4 Rf7 31. Qc4 Rd7 32. h4 h5 33. Kf3 Bf6 34. a5 Ra7 35. a6 Kh7 36. Qb5 Bd4 37. f5 Rf7 38. Ke4 Ba7 39. fxg6+ Kxg6 40. Qg5+ Kh7 41. Qxh5+ Kg8 42. Qg6+ Rg7 43. Qe6+ Kh7 44. g4 Rg6 45. Qf7+ Rg7 46. Qf5+ Kg8 47. g5 Re7+ 48. Kd5 Rf7 49. Qg6+ Kf8 50. h5 Rg7 51. Qf6+ Kg8 52. h6 Rd7+ 53. Ke6 1-0


[Site "https://www.chess.com"]

[Event "Titled Tuesday Blitz January 11 2022"]
[White "Safarli, Eltaj"]
[Black "Volkov, Maksim"]
[WhiteFideId "13402129"]
[BlackFideId "54123070"]
[WhiteElo "2634"]
[BlackElo "2081"]
[Result "1-0"]
[Round "04"]
[TimeControl "180+1"]
[Date "2022.01.11"]
[WhiteClock "0:01:04"]
[BlackClock "0:00:20"]

1. e4 e6 2. d4 d5 3. Nd2 c5 4. Ngf3 Nf6 5. exd5 Nxd5 6. Ne4 cxd4 7. Nxd4 Be7 8. Bc4 O-O 9. O-O Nf6 10. Re1 b6 11. Ng5 Bb7 12. Ndxe6 Qxd1 13. Rxd1 fxe6 14. Bxe6+ Kh8 15. Nf7+ Rxf7 16. Bxf7 Nc6 17. Bg5 Ne5 18. Bb3 h6 19. Bh4 Ng6 20. Bg3 Rc8 21. c3 Bc6 22. Be6 Rf8 23. a4 Ne4 24. Bd5 Bxd5 25. Rxd5 Nxg3 26. hxg3 Bc5 27. Rf1 a5 28. Rd2 Ne5 29. Re2 Nc4 30. b4 axb4 31. cxb4 Bd6 32. Rd1 Bb8 33. Rd7 Nd6 34. Re6 Nc4 35. Rb7 Be5 36. f4 Bd4+ 37. Kh2 Ra8 38. f5 Rxa4 39. Rb8+ Kh7 40. Ree8 g5 41. Re7+ 1-0


[Site "https://www.chess.com"]

[Event "Titled Tuesday Blitz January 11 2022"]
[White "Salimova, Nurgyul"]
[Black "Sadhwani, Raunak"]
[WhiteFideId "2915138"]
[BlackFideId "35093487"]
[WhiteElo "2185"]
[BlackElo "2616"]
[Result "1/2-1/2"]
[Round "04"]
[TimeControl "180+1"]
[Date "2022.01.11"]
[WhiteClock "0:00:04"]
[BlackClock "0:00:02"]

1. Nf3 d5 2. d4 Nc6 3. Bf4 Nf6 4. e3 Bf5 5. h3 e6 6. a3 Bd6 7. Nbd2 h6 8. Bb5 O-O 9. O-O Ne7 10. Ne5 c6 11. Bd3 Bxd3 12. cxd3 a5 13. Qf3 Nf5 14. g4 Nh4 15. Qg3 g5 16. Nxf7 Bxf4 17. Nxd8 Bxg3 18. fxg3 Raxd8 19. gxh4 gxh4 20. Nf3 Nh7 21. Nxh4 Kg7 22. Nf3 a4 23. Ne5 Rc8 24. Nd7 Rxf1+ 25. Rxf1 Re8 26. e4 dxe4 27. dxe4 Ng5 28. Nc5 Nxh3+ 29. Kg2 Ng5 30. e5 Rd8 31. Rf4 b5 32. Kg3 Rd5 33. Kg2 Rd8 34. Kg3 Rf8 35. Rxf8 Kxf8 36. Nd7+ Kf7 37. Nb8 c5 38. dxc5 Ne4+ 39. Kf4 Nxc5 40. Ke3 Kg6 41. Nc6 Kg5 42. Kf3 Nd3 43. Kg3 Nxb2 44. Nd4 Nc4 45. Nxb5 Nxe5 46. Nc7 Kf6 47. Nb5 Nd3 48. Nc3 Nc5 49. Nb5 e5 50. Nc3 Kg5 51. Kf3 e4+ 52. Kg3 e3 53. Nd5 e2 54. Kf2 Kxg4 55. Kxe2 h5 56. Nf6+ Kg5 57. Nxh5 Kxh5 58. Kd2 Ne4+ 59. Kd3 Nd6 60. Kc3 Kg4 61. Kb4 Kf4 1/2-1/2


[Site "https://www.chess.com"]

[Event "Titled Tuesday Blitz January 11 2022"]
[White "Solovchuk, Oleksiy"]
[Black "Izoria, Zviad"]
[WhiteFideId "14115220"]
[BlackFideId "13601733"]
[WhiteElo "2295"]
[BlackElo "2626"]
[Result "0-1"]
[Round "04"]
[TimeControl "180+1"]
[Date "2022.01.11"]
[WhiteClock "0:00:03"]
[BlackClock "0:00:13"]

1. c4 e6 2. Nf3 d5 3. e3 Nf6 4. b3 c5 5. Bb2 Nc6 6. cxd5 exd5 7. d4 cxd4 8. Nxd4 Bb4+ 9. Bc3 Bd6 10. Bd3 O-O 11. Nd2 Re8 12. Nxc6 bxc6 13. Qc2 c5 14. Be2 d4 15. exd4 Bg4 16. f3 Nd5 17. Nc4 Nf4 18. fxg4 Rxe2+ 19. Qxe2 Nxe2 20. Kxe2 Bf8 21. Rad1 Qh4 22. Kf3 Qf6+ 23. Kg3 Bd6+ 24. Nxd6 Qxd6+ 25. Kf3 h5 26. g5 Qd5+ 27. Kf2 Qf5+ 28. Kg1 Qxg5 29. Re1 Rd8 30. h4 Qg4 31. dxc5 Rd3 32. Be5 Rd2 33. Rh2 Re2 34. Bg3 Rxe1+ 35. Bxe1 Qe2 36. Bg3 Qe3+ 37. Kf1 Qxg3 0-1


[Site "https://www.chess.com"]

[Event "Titled Tuesday Blitz January 11 2022"]
[White "Svane, Frederik"]
[Black "Janaszak, Dawid"]
[WhiteFideId "12923044"]
[BlackFideId "1119206"]
[WhiteElo "2459"]
[BlackElo "2199"]
[Result "0-1"]
[Round "04"]
[TimeControl "180+1"]
[Date "2022.01.11"]
[WhiteClock "0:00:02"]
[BlackClock "0:00:23"]

1. e4 c5 2. Nf3 Nc6 3. Bb5 g6 4. O-O Bg7 5. d3 e5 6. a3 Nge7 7. b4 cxb4 8. axb4 O-O 9. Nc3 d6 10. Bxc6 Nxc6 11. b5 Ne7 12. Bg5 h6 13. Bxe7 Qxe7 14. Nd5 Qd8 15. Nd2 Be6 16. c4 f5 17. Qe2 f4 18. Ra3 g5 19. f3 a5 20. bxa6 Rxa6 21. Rb3 Ra2 22. Rxb7 Qa5 23. Rd1 h5 24. h3 Rf7 25. Rb8+ Kh7 26. Kh1 Bh6 27. Qe1 g4 28. hxg4 hxg4 29. Nf1 Qxe1 30. Rxe1 g3 31. Re8 Bd7 32. Re7 Kg7 33. Rxf7+ Kxf7 34. Kg1 Bg5 35. Rb1 Bd8 36. Rb7 Ke6 37. d4 Ra1 38. dxe5 dxe5 39. c5 Bc6 40. Rb2 Ba5 41. Rb3 Be1 42. Rb2 Bb5 0-1


[Site "https://www.chess.com"]

[Event "Titled Tuesday Blitz January 11 2022"]
[White "Svane, Rasmus"]
[Black "Maximov, Dmitry"]
[WhiteFideId "4657101"]
[BlackFideId "14105659"]
[WhiteElo "2645"]
[BlackElo "2494"]
[Result "0-1"]
[Round "04"]
[TimeControl "180+1"]
[Date "2022.01.11"]
[WhiteClock "0:00:04"]
[BlackClock "0:00:12"]

1. Nf3 Nf6 2. g3 c5 3. Bg2 Nc6 4. c4 g6 5. O-O Bg7 6. d4 cxd4 7. Nxd4 Qb6 8. Nb3 O-O 9. Nc3 d6 10. Be3 Qb4 11. c5 dxc5 12. Bxc5 Qg4 13. e4 Rd8 14. Qxg4 Bxg4 15. h3 Be6 16. f4 Nd7 17. Bf2 Bxb3 18. axb3 Nd4 19. e5 Nxb3 20. Rxa7 Rxa7 21. Bxa7 Ndc5 22. Rd1 Rxd1+ 23. Nxd1 e6 24. Ne3 Nd3 25. Nd1 b5 26. Bc6 b4 27. Kf1 Nbc1 28. Bd4 h5 29. Nf2 h4 30. Nxd3 Nxd3 31. Ke2 Nc1+ 32. Kd1 Nb3 33. Bf2 hxg3 34. Bxg3 Nd4 35. Be4 Bf8 36. Kd2 Kg7 37. Kd3 Nb3 38. Kc2 Nd4+ 39. Kd2 Kh6 40. Kd3 Nb3 41. Bf3 g5 42. h4 gxh4 43. Bxh4 Kg6 44. Be4+ Kh5 45. Bd8 Kg4 46. Bg5 Bg7 47. Bc6 Bxe5 48. Be8 f6 49. Bf7 fxg5 50. fxe5 Kf5 51. Kc4 Nd2+ 52. Kxb4 Kxe5 53. Kc3 Ne4+ 54. Kd3 g4 55. Ke3 g3 0-1


[Site "https://www.chess.com"]

[Event "Titled Tuesday Blitz January 11 2022"]
[White "Tari, Aryan"]
[Black "Karttunen, Mika"]
[WhiteFideId "1510045"]
[BlackFideId "502081"]
[WhiteElo "2567"]
[BlackElo "2343"]
[Result "1-0"]
[Round "04"]
[TimeControl "180+1"]
[Date "2022.01.11"]
[WhiteClock "0:00:18"]
[BlackClock "0:00:04"]

1. d4 Nf6 2. Nf3 g6 3. c4 Bg7 4. Nc3 O-O 5. e4 d6 6. Be2 e5 7. d5 a5 8. Bg5 h6 9. Bh4 Na6 10. Nd2 Nc5 11. Qc2 c6 12. f3 Bd7 13. O-O Qb8 14. Bf2 Rc8 15. Nb3 Nxb3 16. axb3 cxd5 17. cxd5 b5 18. Qd2 Qb7 19. Rfc1 Nh5 20. g3 f5 21. Bd3 Nf6 22. Qe2 Rcb8 23. h3 a4 24. Nxb5 Bxb5 25. Bxb5 axb3 26. Bc6 Rxa1 27. Rxa1 Qc8 28. Kg2 fxe4 29. fxe4 Kh7 30. Be1 Qc7 31. Qe3 Nh5 32. Ra7 Qd8 33. Rf7 Kg8 34. Ra7 Qf6 35. Qf3 Qg5 36. Qg4 Qe3 37. Bf2 Qg5 38. Qxg5 hxg5 39. Rd7 Bf8 40. Be3 Rb4 41. Bxg5 Rxe4 42. Rd8 Kf7 43. Be8+ Kg7 44. Rd7+ Kg8 45. Bxg6 Re1 46. Bxh5 1-0


[Site "https://www.chess.com"]

[Event "Titled Tuesday Blitz January 11 2022"]
[White "Trost, Edvin"]
[Black "Tsydypov, Zhamsaran"]
[WhiteFideId "1729519"]
[BlackFideId "4108566"]
[WhiteElo "2160"]
[BlackElo "2614"]
[Result "0-1"]
[Round "04"]
[TimeControl "180+1"]
[Date "2022.01.11"]
[WhiteClock "0:01:52"]
[BlackClock "0:02:26"]

1. Nf3 d5 2. e3 e6 3. c4 Nf6 4. b3 Bb4 5. Bb2 O-O 6. Be2 c5 7. O-O Nc6 8. cxd5 exd5 9. d4 cxd4 10. Nxd4 Re8 11. Nd2 Bd7 12. a3 Bd6 13. Re1 Ne5 14. Rc1 a6 15. h3 Qe7 16. b4 b5 17. Qc2 Rac8 18. Qb1 Nc4 19. Nxc4 dxc4 20. Nf5 Bxf5 21. Qxf5 Be5 22. Bxe5 Qxe5 23. Qc2 Red8 24. Red1 h6 25. Bf3 Rb8 26. g3 g6 27. Kg2 Kg7 28. Rxd8 Rxd8 29. Rd1 Rxd1 30. Qxd1 Qb2 31. Qd6 c3 32. Bd1 c2 33. Bxc2 Qxc2 34. Qxa6 Ne4 0-1


[Site "https://www.chess.com"]

[Event "Titled Tuesday Blitz January 11 2022"]
[White "Vysochin, Spartak"]
[Black "Moskalenko, Alexander"]
[WhiteFideId "14103516"]
[BlackFideId "4155351"]
[WhiteElo "2401"]
[BlackElo "2515"]
[Result "0-1"]
[Round "04"]
[TimeControl "180+1"]
[Date "2022.01.11"]
[WhiteClock "0:00:11"]
[BlackClock "0:00:29"]

1. e4 d6 2. d4 Nf6 3. Nc3 g6 4. Bf4 Bg7 5. Qd2 c6 6. O-O-O b5 7. e5 dxe5 8. dxe5 Qxd2+ 9. Rxd2 Nh5 10. g3 Nxf4 11. gxf4 Bh6 12. Nge2 Bg4 13. Rg1 Bxe2 14. Nxe2 Nd7 15. Bg2 Rc8 16. Rgd1 Nb8 17. c3 O-O 18. Kc2 f6 19. e6 f5 20. Rd7 Nxd7 21. exd7 Rb8 22. Bxc6 Rfd8 23. Nd4 Kf7 24. Bxb5 Bxf4 25. Nc6 Rxd7 26. Rxd7 Rxb5 27. Rxe7+ Kg8 28. Rxa7 Bxh2 29. a4 Rc5 30. Ne7+ Kf8 31. b4 Re5 32. Nc6 Re2+ 33. Kb3 Rxf2 34. Rxh7 Re2 35. a5 Bg1 36. b5 Re1 37. Nb4 f4 38. b6 f3 39. b7 Re8 40. Nd3 Ba7 0-1


[Site "https://www.chess.com"]

[Event "Titled Tuesday Blitz January 11 2022"]
[White "Wagner, Dennis"]
[Black "Nesterov, Arseniy"]
[WhiteFideId "24650684"]
[BlackFideId "24198455"]
[WhiteElo "2355"]
[BlackElo "2489"]
[Result "0-1"]
[Round "04"]
[TimeControl "180+1"]
[Date "2022.01.11"]
[WhiteClock "0:00:12"]
[BlackClock "0:00:14"]

1. c4 e5 2. d3 Nc6 3. Nf3 Bc5 4. a3 a5 5. Nc3 d6 6. e3 Nge7 7. Be2 O-O 8. O-O h6 9. d4 Bb6 10. Na4 Ba7 11. d5 Nb8 12. b4 f5 13. Bd2 Nd7 14. Qc2 Nf6 15. bxa5 e4 16. Nd4 f4 17. Nb5 f3 18. gxf3 Qe8 19. Kh1 Qh5 20. Rg1 exf3 21. Bd3 Bh3 22. Bc3 Bg2+ 23. Rxg2 fxg2+ 24. Kxg2 Ng4 25. h3 Rxf2+ 26. Qxf2 Nxf2 27. Kxf2 Qxh3 28. Nxa7 Rf8+ 29. Ke2 Qg2+ 30. Kd1 Rf2 31. Nb5 Qf3+ 32. Kc1 Qxe3+ 33. Kb1 Qxd3+ 34. Kc1 Qc2# 0-1


[Site "https://www.chess.com"]

[Event "Titled Tuesday Blitz January 11 2022"]
[White "Willow, Jonah B"]
[Black "Quispe Arteaga, Gabriel"]
[WhiteFideId "438804"]
[BlackFideId "32059809"]
[WhiteElo "2261"]
[BlackElo "2229"]
[Result "1/2-1/2"]
[Round "04"]
[TimeControl "180+1"]
[Date "2022.01.11"]
[WhiteClock "0:00:32"]
[BlackClock "0:00:38"]

1. e4 c5 2. Nf3 e6 3. d4 cxd4 4. Nxd4 Nf6 5. Nc3 Nc6 6. Ndb5 Bb4 7. a3 Bxc3+ 8. Nxc3 d5 9. exd5 exd5 10. Bd3 O-O 11. O-O d4 12. Ne2 Bg4 13. f3 Bh5 14. Ng3 Bg6 15. Bg5 Qd6 16. Re1 Rfe8 17. Qd2 Nd5 18. Ne4 Bxe4 19. Bxe4 h6 20. Bh4 Nf6 21. Bd3 a6 22. Bg3 Qc5 23. Re2 Rxe2 24. Qxe2 Re8 25. Qd2 Ne5 26. Bf2 Nc4 27. Bxc4 Qxc4 28. Re1 Rxe1+ 29. Bxe1 Nd5 30. Bf2 Ne3 31. Bxe3 dxe3 32. Qd8+ Kh7 33. Qd3+ Qxd3 34. cxd3 g5 35. g3 Kg6 36. Kf1 f5 37. f4 gxf4 38. gxf4 Kf7 39. Ke2 Ke6 40. Kxe3 Kd5 41. Ke2 Kc5 42. Ke3 Kd5 43. b3 Kc5 44. d4+ Kd5 45. Kd3 b5 46. Ke3 Ke6 47. Ke2 Kd5 48. Kd3 Kd6 49. a4 Kc6 50. Kc3 Kd5 51. Kd3 Kc6 52. h3 Kd5 53. Ke3 Kd6 54. Ke2 Kd5 55. Kd3 Kc6 56. Kc3 Kd5 57. axb5 axb5 58. h4 Ke4 59. Kb4 Kxd4 60. Kxb5 Ke3 61. b4 Kxf4 62. Kc5 Kg4 63. b5 f4 64. Kd4 f3 65. Ke3 Kg3 66. b6 f2 67. b7 f1=Q 68. b8=Q+ Kxh4 69. Qf4+ Qxf4+ 70. Kxf4 1/2-1/2


[Site "https://www.chess.com"]

[Event "Titled Tuesday Blitz January 11 2022"]
[White "Xiong, Jeffery"]
[Black "Nilsen, Tobias Lang"]
[WhiteFideId "2047640"]
[BlackFideId "1521624"]
[WhiteElo "2727"]
[BlackElo "2013"]
[Result "1-0"]
[Round "04"]
[TimeControl "180+1"]
[Date "2022.01.11"]
[WhiteClock "0:01:18"]
[BlackClock "0:00:13"]

1. d4 Nf6 2. c4 c5 3. Nf3 cxd4 4. Nxd4 e5 5. Nb5 d5 6. cxd5 Bc5 7. N5c3 O-O 8. e3 a6 9. a4 Nbd7 10. Be2 Nb6 11. e4 Bd7 12. O-O Nc8 13. Bg5 h6 14. Bh4 g5 15. Bg3 Nd6 16. Nd2 Qe8 17. Rc1 Rc8 18. Kh1 Bd4 19. Bd3 h5 20. h4 Ng4 21. Nf3 Bxc3 22. bxc3 gxh4 23. Nxh4 Bxa4 24. Qd2 f6 25. f3 f5 26. Qg5+ Kh8 27. Ng6+ Kg7 28. Nxe5+ Kh7 29. fxg4 Rg8 30. Qf6 Nxe4 31. Bxe4 fxe4 32. g5 Rg7 33. g6+ Kg8 34. Nf7 e3 35. Be5 Qxe5 36. Nh6+ Kh8 37. Qf8+ Rg8 38. Nf7# 1-0


[Site "https://www.chess.com"]